 Dungeon Crawl Stone Soup version 0.15-a0-935-g62ff1c1 (webtiles) character file.

4534 Quh the Thaumaturge (level 10, 0/52 HPs)
             Began as a Deep Elf Wizard on May 20, 2014.
             Was an Elder of Vehumet.
             Slain by an orc
             ... wielding a cursed -2,-2 flail
              (6 damage)
             ... on Level 2 of the Orcish Mines on May 21, 2014.
             The game lasted 01:24:45 (11818 turns).

Quh the Thaumaturge (Deep Elf Wizard)              Turns: 11818, Time: 01:24:45

HP   0/52        AC  8     Str 10      XL: 10   Next: 17%
MP   6/31        EV 14     Int 24      God: Vehumet [****..]
Gold 633         SH  0     Dex 13      Spells:  9 memorised,  3 levels left

rFire  . . .     SeeInvis +     z - +2,+3 whip
rCold  . . .     Clarity  +     F - +2 robe
rNeg   . . .     Conserve .     (no shield)
rPois  .         rCorr    .     g - +2 hat
rElec  .         rRot     .     (no cloak)
SustAb .         Spirit   .     J - +1 pair of gloves {Str+3}
rMut   .         Warding  .     (no boots)
Gourm  .         Stasis   .     N - amulet of clarity
MR     +....                    v - ring of see invisible
                                l - ring of invisibility

@: repel missiles, about to teleport, somewhat resistant to hostile
enchantments, unstealthy
A: no striking features
a: Renounce Religion, Evoke Invisibility


You were on level 2 of the Orcish Mines.
You worshipped Vehumet.
Vehumet was greatly pleased with you.
You were not hungry.

You visited 3 branches of the dungeon, and saw 13 of its levels.

You collected 633 gold pieces.

Inventory:

Hand weapons
 s - a -3,-1 short sword
 z - a +2,+3 whip (weapon)
Missiles
 I - 20 darts of frost (quivered)
Armour
 g - a +2 hat (worn)
 E - a +0 robe
 F - a +2 robe (worn)
 J - a +1 pair of gloves of strength (worn)
Magical devices
 e - a wand of fireball (3) {unknown}
 r - a wand of frost (9)
 C - a wand of paralysis (10)
 M - a wand of magic darts (17) {unknown}
Comestibles
 d - 4 bread rations
 D - 2 meat rations
Scrolls
 a - 2 scrolls of identify
 b - 2 scrolls of enchant weapon I {unknown}
 f - a scroll of amnesia {unknown}
 i - a scroll of blinking {unknown}
 n - 2 scrolls of teleportation
 q - a scroll of enchant weapon II {unknown}
 w - 2 scrolls of enchant armour {unknown}
 x - a scroll of magic mapping {unknown}
 y - 5 scrolls of remove curse
 B - a scroll of random uselessness {unknown}
 K - a scroll of silence {unknown}
Jewellery
 h - an uncursed amulet of rage
 l - a ring of invisibility (left hand)
 m - an uncursed ring of stealth
 t - an uncursed amulet of inaccuracy
 v - a ring of see invisible (right hand)
 N - an amulet of clarity (around neck)
Potions
 j - 2 potions of heal wounds
 k - 2 potions of restore abilities
 o - 2 potions of brilliance
 p - 3 potions of might
 u - 7 potions of curing
 A - 3 potions of agility
 H - 2 potions of flight {unknown}
 L - a potion of mutation {unknown}
Books
 c - a book of Minor Magic

   Spells                             Type                      Level
   *Magic Dart                        Conjuration                  1
   *Blink                             Translocation                2
   *Call Imp                          Summoning                    2
   *Repel Missiles                    Charms/Air                   2
   Slow                               Hexes                        2
   *Conjure Flame                     Conjuration/Fire             3
   *Mephitic Cloud                    Conjuration/Poison/Air       3
 G - a book of Hinderance

   Spells                             Type                      Level
   Confusing Touch                    Hexes                        1
   Confuse                            Hexes                        3
   Petrify                            Transmutation/Earth          4
   Leda's Liquefaction                Hexes/Earth                  4
   Metabolic Englaciation             Hexes/Ice                    5
   *Summon Mana Viper                 Hexes/Summoning              5


   Skills:
 * Level 1.3 Fighting
 + Level 4.3 Dodging
 - Level 2.4 Stealth
 * Level 9.4 Spellcasting
 - Level 6.9 Conjurations
 - Level 4.0 Hexes
 - Level 3.4 Summonings
 + Level 2.2 Translocations
 - Level 4.1 Fire Magic
 - Level 4.6 Air Magic
 - Level 5.3 Poison Magic
 * Level 7.2 Evocations


You had 3 spell levels left.
You knew the following spells:

 Your Spells              Type           Power        Failure   Level  Hunger
a - Magic Dart            Conj           ####         1%          1    None
b - Blink                 Tloc           N/A          3%          2    None
c - Call Imp              Summ           ####....     1%          2    None
d - Repel Missiles        Chrm/Air       ###...       3%          2    None
e - Mephitic Cloud        Conj/Pois/Air  #####...     1%          3    None
f - Conjure Flame         Conj/Fire      #####...     1%          3    None
g - Throw Flame           Conj/Fire      #####.       1%          2    None
h - Summon Mana Viper     Hex/Summ       ####....     34%         5    ####...
i - Sticky Flame          Conj/Fire      #####...     2%          4    ##.....


Dungeon Overview and Level Annotations

Branches:
Dungeon (9/15)             Temple (1/1) D:6             Orc (3/4) D:9
    Elf: Orc:3-4       Lair: D:8-11

Altars:
Dithmenos
Elyvilon
Gozag
Kikubaaqudgha
Nemelex Xobeh
Okawaru
Trog
Vehumet
Xom
Yredelemnul
Zin

Shops:
D:4 (


Message History

The troll claws you! The orc barely misses you.
Your crimson imp closely misses the troll.
Your crimson imp hits the orc but does no damage.
You climb upwards.
There is a stone staircase leading down here.
Casting: Magic Dart
Confirm with . or Enter, or press ? or * to list all spells.
You blink.
An orc comes into view. It is wielding a short sword.
Casting: Blink
Confirm with . or Enter, or press ? or * to list all spells.
Okay, then.
Read which item? (? for menu, Esc to quit)
As you read the scroll of teleportation, it crumbles to dust.
You feel strangely unstable. The troll misses you. The troll claws you.
* * * LOW HITPOINT WARNING * * *
The troll claws you!
* * * LOW HITPOINT WARNING * * *
The orc hits you with a flail.
You die...

#.#.......#.....##
......#.......#.##
#.....##.........###
##..............##.##
#...............#...###
##..##.......#.##...#.####
#...##....o...##..<......##
##.##..........#..%%[.....##
#.#.............@..).......##
..........)....%o.%%........##
...............To..%.........#
..).............>.......###.##
.#..................%....####
###.#...............#.....##
###...............##...#.##
##...............[........#
##....#..........)......#.##


You could see a troll and 3 orcs.

Vanquished Creatures
  Erolcha (D:8)
  A hungry ghost (D:9)
  3 hippogriffs (D:8)
  Edmund (D:4)
  A warg (Orc:1)
  A water moccasin (D:8)
  An ice beast (D:7)
  A sky beast (D:8)
  A black bear (D:9)
  3 centaurs (D:6)
  2 orc warriors (Orc:1)
  6 ogres
  A phantom (D:7)
  A crocodile (D:8)
  A big kobold (D:8)
  4 giant frogs
  4 scorpions
  2 wights (D:6)
  5 killer bees (D:9)
  A giant frog zombie (D:5)
  6 crimson imps
  A giant frog skeleton (D:5)
  5 orc priests
  2 hounds
  3 iguanas
  4 worker ants
  6 orc wizards
  An ogre skeleton (D:8)
  10 adders
  A scorpion zombie (D:6)
  A white imp (D:4)
  6 worms
  2 orc skeletons
  6 giant geckos
  33 orcs
  2 ball pythons
  17 bats
  8 giant cockroaches
  11 hobgoblins
  10 jackals
  4 giant newts
  13 goblins
  A hobgoblin skeleton (D:5)
  23 kobolds
  An orc zombie (D:7)
  3 quokkas
  14 rats
  A rat skeleton (D:7)
  A rat zombie (D:5)
237 creatures vanquished.

Vanquished Creatures (collateral kills)
  A troll (D:4)
  An ice beast (D:9)
  A centaur (D:5)
  A wyvern skeleton (D:8)
  A crimson imp (D:6)
  A wight (D:5)
  A killer bee (D:9)
  An orc wizard (D:3)
  An adder (D:2)
  An ooze (D:2)
  18 orcs
  A hobgoblin (D:3)
  2 jackals (D:2)
  A kobold (D:4)
  A giant gecko (D:5)
  A giant newt (D:5)
  A jackal zombie (D:7)
  A rat (D:2)
36 creatures vanquished.

Vanquished Creatures (others)
  A wizard (D:3)
  3 crimson imps
  3 iron imps
  An orc wizard (D:5)
  4 shadow imps
  9 white imps
21 creatures vanquished.

Grand Total: 294 creatures vanquished

Notes
Turn   | Place    | Note
--------------------------------------------------------------
     0 | D:1      | Quh, the Deep Elf Wizard, began the quest for the Orb.
     0 | D:1      | Reached XP level 1. HP: 10/10 MP: 6/6
   368 | D:1      | Reached XP level 2. HP: 15/15 MP: 7/9
   377 | D:1      | Learned a level 2 spell: Blink
   380 | D:1      | Learned a level 2 spell: Call Imp
   383 | D:1      | Learned a level 2 spell: Repel Missiles
  1045 | D:2      | Reached XP level 3. HP: 19/19 MP: 1/12
  1138 | D:2      | Found an ancient bone altar of Kikubaaqudgha.
  1169 | D:2      | Reached skill level 1 in Evocations
  1523 | D:2      | Reached skill level 1 in Air Magic
  1529 | D:2      | Learned a level 3 spell: Mephitic Cloud
  1813 | D:2      | Reached XP level 4. HP: 24/24 MP: 8/15
  2249 | D:3      | Reached skill level 1 in Poison Magic
  2785 | D:3      | Found a radiant altar of Vehumet.
  2816 | D:3      | Became a worshipper of Vehumet
  2851 | D:3      | Found a bloodstained altar of Trog.
  2851 | D:3      | Noticed a wizard
  2857 | D:3      | Killed a wizard
  2935 | D:3      | Reached XP level 5. HP: 28/28 MP: 10/18
  3573 | D:3      | Learned a level 3 spell: Conjure Flame
  3681 | D:3      | Found an opulent altar of Gozag.
  3853 | D:4      | Found Jurausk's Antique Weapon Shoppe.
  3865 | D:4      | Reached XP level 6. HP: 32/32 MP: 12/20
  3921 | D:4      | Noticed a troll
  3945 | D:4      | Killed a troll
  4046 | D:4      | Noticed Edmund
  4097 | D:4      | Killed Edmund
  4097 | D:4      | Reached skill level 5 in Spellcasting
  4345 | D:4      | Reached XP level 7. HP: 36/36 MP: 4/22
  4452 | D:4      | Acquired Vehumet's first power
  4452 | D:4      | Offered knowledge of Sting by Vehumet.
  4809 | D:5      | Entered Level 5 of the Dungeon
  5431 | D:5      | Offered knowledge of Throw Flame by Vehumet.
  5431 | D:5      | Reached skill level 5 in Conjurations
  6106 | D:5      | Reached skill level 6 in Spellcasting
  6106 | D:5      | Reached XP level 8. HP: 41/41 MP: 12/25
  7008 | D:6      | Found a staircase to the Ecumenical Temple.
  7025 | Temple   | Entered the Ecumenical Temple
  7130 | D:6      | Reached skill level 5 in Poison Magic
  7292 | D:5      | Upgraded the game from 0.15-a0-910-gf78ccf3 to 0.15-a0-935-g62ff1c1
  7645 | D:6      | Learned a level 2 spell: Throw Flame
  7865 | D:7      | Reached skill level 1 in Fire Magic
  8395 | D:7      | Found an iron altar of Okawaru.
  8399 | D:7      | Found a bloodstained altar of Trog.
  8399 | D:7      | Found a basalt altar of Yredelemnul.
  8401 | D:7      | Found a glowing silver altar of Zin.
  8659 | D:8      | Found a white marble altar of Elyvilon.
  8679 | D:8      | Offered knowledge of Static Discharge by Vehumet.
  8738 | D:8      | Reached skill level 5 in Evocations
  8869 | D:8      | Reached skill level 1 in Fighting
  8869 | D:8      | Reached XP level 9. HP: 38/47 MP: 23/27
  9060 | D:8      | Acquired Vehumet's second power
  9067 | D:8      | Learned a level 5 spell: Summon Mana Viper
  9140 | D:8      | Reached skill level 1 in Hexes
  9774 | D:8      | Noticed Erolcha
  9781 | D:8      | Offered knowledge of Sticky Flame by Vehumet.
  9788 | D:8      | Killed Erolcha
  9788 | D:8      | Reached skill level 7 in Spellcasting
 10100 | D:8      | Found a shimmering altar of Xom.
 10400 | D:9      | Reached skill level 8 in Spellcasting
 10412 | D:9      | Found a sparkling altar of Nemelex Xobeh.
 10452 | D:9      | Found a shadowy altar of Dithmenos.
 10648 | D:9      | Learned a level 4 spell: Sticky Flame
 10683 | D:9      | Found a staircase to the Orcish Mines.
 10735 | Orc:1    | Entered Level 1 of the Orcish Mines
 10791 | Orc:1    | Reached XP level 10. HP: 36/52 MP: 3/30
 11009 | Orc:1    | Reached skill level 9 in Spellcasting
 11375 | Orc:2    | Acquired Vehumet's third power
 11818 | Orc:2    | Slain by an orc

Action                   |  1- 3 |  4- 6 |  7- 9 | 10-12 || total
-------------------------+-------+-------+-------+-------++-------
Melee: Unarmed           |     5 |       |       |       ||     5
       Dagger            |     5 |       |       |       ||     5
       Short sword       |       |       |     1 |       ||     1
       Whip              |       |       |     4 |       ||     4
 Cast: Magic Dart        |   101 |   173 |   427 |    96 ||   797
       Call Imp          |     5 |    19 |    55 |     8 ||    87
       Blink             |     2 |     5 |    25 |     1 ||    33
       Mephitic Cloud    |       |    10 |    36 |    13 ||    59
       Repel Missiles    |       |       |     1 |       ||     1
       Throw Flame       |       |       |    84 |     7 ||    91
Evoke: Wand              |       |       |     1 |       ||     1
  Use: Scroll            |       |     2 |     8 |     1 ||    11
